PCL
LAS VEGAS STARS @ CALGARY COWBOYS
07/16/2024
 
TOP OF THE 1ST
Las Vegas Stars batting - Pitching for Calgary Cowboys : RHP Arthur Benson
Pitching: RHP Arthur Benson
Batting: RHB Joe Scott 0-0: DOUBLE (Line Drive, 89M)
Batting: RHB Xin Zhang 0-0: Ball
1-0: Ball
2-0: Foul Ball, location: 2F
2-1: Called Strike
2-2: Strikes out looking
Batting: LHB Eliot Helen 0-0: Called Strike
0-1: Ball
1-1: Foul Ball, location: 2F
1-2: Foul Ball, location: 2F
1-2: Ground out 4-3 (Groundball, 4)
Joe Scott to third
Batting: RHB Mike Mills 0-0: Fly out, F7 (Flyball, 7D)
Top of the 1st over - 0 run(s), 1 hit(s), 0 error(s), 1 left on base; Las Vegas 0 - Calgary 0
BOTTOM OF THE 1ST
Calgary Cowboys batting - Pitching for Las Vegas Stars : LHP Ze-min Tong
Pitching: LHP Ze-min Tong
Batting: RHB Clark Hodge 0-0: Ball
1-0: Foul Ball, location: 2F
1-1: Ball
2-1: Fly out, F9 (Flyball, 9S)
Batting: RHB Mike Wilcox 0-0: Foul Ball, location: 2F
0-1: Swinging Strike
0-2: Foul Ball, location: 2F
0-2: SINGLE (Line Drive, 89S)
Batting: RHB Dan Wyatt 0-0: Ball
1-0: Ball
2-0: Foul Ball, location: 2F
2-1: Foul Ball, location: 2F
2-2: Foul Ball, location: 2F
2-2: Foul Ball, location: 2F
2-2: Fly out, F3 (Popup, 23F)
Batting: RHB Cristián Peña Pickoff Throw to First - Out!
Bottom of the 1st over - 0 run(s), 1 hit(s), 0 error(s), 0 left on base; Las Vegas 0 - Calgary 0
TOP OF THE 2ND
Las Vegas Stars batting - Pitching for Calgary Cowboys : RHP Arthur Benson
Batting: LHB Fernando De La Cruz 0-0: Ball
1-0: Called Strike
1-1: Ball
2-1: Ball
3-1: Called Strike
3-2: Ground out U3 (Groundball, 3)
Batting: RHB Matthieu Vancini 0-0: Bunted foul
0-1: Ball
1-1: Foul Ball, location: 2F
1-2: Ball
2-2: Ball
3-2: Base on Balls
Batting: SHB Sloan James 0-0: Foul Ball, location: 2F
0-1: Called Strike
0-2: Ball
1-2: Strikes out swinging
Batting: RHB José Zúñiga 0-0: Ball
1-0: Ground out U3 (Groundball, 3)
Top of the 2nd over - 0 run(s), 0 hit(s), 0 error(s), 1 left on base; Las Vegas 0 - Calgary 0
BOTTOM OF THE 2ND
Calgary Cowboys batting - Pitching for Las Vegas Stars : LHP Ze-min Tong
Batting: RHB Cristián Peña 0-0: Ball
1-0: Called Strike
1-1: Swinging Strike
1-2: Ball
2-2: Strikes out swinging
Batting: RHB Ramón Martínez 0-0: SINGLE (Groundball, 56D)
Batting: RHB Mario Sánchez 0-0: Foul Ball, location: 2F
0-1: Foul Ball, location: 2F
0-2: Ball
1-2: Ball
2-2: Ball
3-2: Strikes out looking
Batting: RHB Jesús Hernández 0-0: Reached on error, E6 (Groundball, 6)
Ramón Martínez to second
Batting: LHB Freddy Herrera 0-0: Ball
1-0: Ball
2-0: Called Strike
2-1: Fly out, F4 (Line Drive, 4)
Bottom of the 2nd over - 0 run(s), 1 hit(s), 1 error(s), 2 left on base; Las Vegas 0 - Calgary 0
TOP OF THE 3RD
Las Vegas Stars batting - Pitching for Calgary Cowboys : RHP Arthur Benson
Batting: LHB Evan Slootweg 0-0: Ball
1-0: Ball
2-0: Foul Ball, location: 2F
2-1: Foul Ball, location: 2F
2-2: Strikes out looking
Batting: RHB Joe Scott 0-0: Foul Ball, location: 2F
0-1: Swinging Strike
0-2: Ball
1-2: Foul Ball, location: 2F
1-2: Ball
2-2: Fly out, F8 (Flyball, 8RM)
Batting: RHB Xin Zhang 0-0: Foul Ball, location: 2F
0-1: Ball
1-1: Ball
2-1: SINGLE (Line Drive, 78S)
Batting: LHB Eliot Helen 0-0: Ball
1-0: Ball
2-0: Ball
3-0: Base on Balls
Xin Zhang to second
Batting: RHB Mike Mills 0-0: Called Strike
0-1: Ball
1-1: Ball
2-1: Foul Ball, location: 2F
2-2: Foul Ball, location: 2F
2-2: Ball
3-2: Base on Balls
Xin Zhang to third
Eliot Helen to second
Batting: LHB Fernando De La Cruz 0-0: Foul Ball, location: 2F
0-1: Ball
1-1: Ball
2-1: Ground out 4-3 (Groundball, 4)
Top of the 3rd over - 0 run(s), 1 hit(s), 0 error(s), 3 left on base; Las Vegas 0 - Calgary 0
BOTTOM OF THE 3RD
Calgary Cowboys batting - Pitching for Las Vegas Stars : LHP Ze-min Tong
Batting: RHB Tom Yarbrough 0-0: Foul Ball, location: 2F
0-1: Swinging Strike
0-2: Ball
1-2: Strikes out looking
Batting: RHB Clark Hodge 0-0: Foul Ball, location: 2F
0-1: Ball
1-1: Ball
2-1: Ground out 6-3 (Groundball, 6)
Batting: RHB Mike Wilcox 0-0: Ball
1-0: Fly out, F9 (Flyball, 9D)
Bottom of the 3rd over - 0 run(s), 0 hit(s), 0 error(s), 0 left on base; Las Vegas 0 - Calgary 0
TOP OF THE 4TH
Las Vegas Stars batting - Pitching for Calgary Cowboys : RHP Arthur Benson
Batting: RHB Matthieu Vancini 0-0: Ground out 6-3 (Groundball, 6M)
Batting: SHB Sloan James 0-0: SOLO HOME RUN (Flyball, 9D), Distance : 376 ft
Batting: RHB José Zúñiga 0-0: Ball
1-0: Ball
2-0: Ball
3-0: Base on Balls
Batting: LHB Evan Slootweg 0-0: Foul Ball, location: 2F
0-1: Ball
1-1: Ball
2-1: DOUBLE (Flyball, 7LD)
José Zúñiga to third
Batting: RHB Joe Scott 0-0: Ball
1-0: Fly out, F7 (Flyball, 7LM)
Runner from 3rd tags up, OUT at HOME
Top of the 4th over - 1 run(s), 2 hit(s), 0 error(s), 1 left on base; Las Vegas 1 - Calgary 0
BOTTOM OF THE 4TH
Calgary Cowboys batting - Pitching for Las Vegas Stars : LHP Ze-min Tong
Batting: RHB Dan Wyatt 0-0: Called Strike
0-1: Ball
1-1: Foul Ball, location: 2F
1-2: Strikes out swinging
Batting: RHB Cristián Peña 0-0: Ball
1-0: Called Strike
1-1: Called Strike
1-2: Ball
2-2: Strikes out swinging
Batting: RHB Ramón Martínez 0-0: SOLO HOME RUN (Flyball, 8LXD), Distance : 439 ft
Batting: RHB Mario Sánchez 0-0: Foul Ball, location: 2F
0-1: Ground out 5-3 (Groundball, 56)
Bottom of the 4th over - 1 run(s), 1 hit(s), 0 error(s), 0 left on base; Las Vegas 1 - Calgary 1
TOP OF THE 5TH
Las Vegas Stars batting - Pitching for Calgary Cowboys : RHP Arthur Benson
Batting: RHB Xin Zhang 0-0: Called Strike
0-1: SINGLE (Groundball, 56D)
Batting: LHB Eliot Helen 0-0: Fly out, F8 (Flyball, 8LS)
Batting: RHB Mike Mills 0-0: Ball
1-0: Grounds into double play, 5-4-3 (Groundball, 56)
Top of the 5th over - 0 run(s), 1 hit(s), 0 error(s), 0 left on base; Las Vegas 1 - Calgary 1
BOTTOM OF THE 5TH
Calgary Cowboys batting - Pitching for Las Vegas Stars : LHP Ze-min Tong
Batting: RHB Jesús Hernández 0-0: Swinging Strike
0-1: Swinging Strike
0-2: Ball
1-2: Ball
2-2: Foul Ball, location: 2F
2-2: Fly out, F6 (Popup, 6D)
Batting: LHB Freddy Herrera 0-0: Ground out 5-3 (Groundball, 56S)
Batting: RHB Tom Yarbrough 0-0: Fly out, F4 (Popup, 34)
Bottom of the 5th over - 0 run(s), 0 hit(s), 0 error(s), 0 left on base; Las Vegas 1 - Calgary 1
TOP OF THE 6TH
Las Vegas Stars batting - Pitching for Calgary Cowboys : RHP Arthur Benson
Batting: LHB Fernando De La Cruz 0-0: Called Strike
0-1: Ball
1-1: Foul Ball, location: 2F
1-2: Ball
2-2: Ground out 3-1 (Groundball, 34)
Batting: RHB Matthieu Vancini 0-0: Ground out U3 (Groundball, 3L)
Batting: SHB Sloan James 0-0: Foul Ball, location: 2F
0-1: Called Strike
0-2: Strikes out swinging
Top of the 6th over - 0 run(s), 0 hit(s), 0 error(s), 0 left on base; Las Vegas 1 - Calgary 1
BOTTOM OF THE 6TH
Calgary Cowboys batting - Pitching for Las Vegas Stars : LHP Ze-min Tong
Batting: RHB Clark Hodge 0-0: Ground out 4-3 (Groundball, 4M)
Batting: RHB Mike Wilcox 0-0: Ball
1-0: Called Strike
1-1: Called Strike
1-2: Strikes out looking
Batting: RHB Dan Wyatt 0-0: Foul Ball, location: 2F
0-1: Ball
1-1: Called Strike
1-2: Foul Ball, location: 2F
1-2: SINGLE (Groundball, 25) (infield hit)
Batting: RHB Cristián Peña 0-0: Called Strike
0-1: Ball
1-1: Ball
2-1: Ground out 5-3 (Groundball, 15S)
Bottom of the 6th over - 0 run(s), 1 hit(s), 0 error(s), 1 left on base; Las Vegas 1 - Calgary 1
TOP OF THE 7TH
Las Vegas Stars batting - Pitching for Calgary Cowboys : RHP Arthur Benson
Batting: RHB José Zúñiga 0-0: Called Strike
0-1: Ball
1-1: Ball
2-1: Ball
3-1: Foul Ball, location: 2F
3-2: Foul Ball, location: 2F
3-2: Base on Balls
Pitching: RHP Mitsunari Jouda
Batting: LHB Evan Slootweg 0-0: Sac Bunt - play at first, batter OUT! 1-4
José Zúñiga to second
Pinch Hitting: SHB Lee Townsend 0-0: Intentional Walk
Batting: RHB Xin Zhang 0-0: Called Strike
0-1: Ball
1-1: Ball
2-1: Foul Ball, location: 2F
2-2: Ball
3-2: Foul Ball, location: 2F
3-2: Base on Balls
José Zúñiga to third
Lee Townsend to second
Batting: LHB Eliot Helen 0-0: Foul Ball, location: 2F
0-1: Ball
1-1: Foul Ball, location: 2F
1-2: Ball
2-2: Ball
3-2: Base on Balls
José Zúñiga scores
Lee Townsend to third
Xin Zhang to second
Batting: RHB Mike Mills 0-0: Ball
1-0: Ball
Wild Pitch!
Lee Townsend scores
Xin Zhang to third
Eliot Helen to second
2-0: Fly out, F2 (Popup, 2RF)
Batting: LHB Fernando De La Cruz 0-0: Swinging Strike
0-1: Ball
1-1: Ground out 3-1 (Groundball, 34)
Top of the 7th over - 2 run(s), 0 hit(s), 0 error(s), 2 left on base; Las Vegas 3 - Calgary 1
BOTTOM OF THE 7TH
Calgary Cowboys batting - Pitching for Las Vegas Stars : LHP Ze-min Tong
Now at SS: Orlando García
Batting: RHB Ramón Martínez 0-0: Swinging Strike
0-1: Foul Ball, location: 2F
0-2: Strikes out swinging
Batting: RHB Mario Sánchez 0-0: Ball
1-0: Called Strike
1-1: Foul Ball, location: 2F
1-2: Ball
2-2: Ground out 5-3 (Groundball, 56S)
Batting: RHB Jesús Hernández 0-0: Ball
1-0: Ball
2-0: Called Strike
2-1: Ball
3-1: Fly out, F4 (Popup, 3DF)
Bottom of the 7th over - 0 run(s), 0 hit(s), 0 error(s), 0 left on base; Las Vegas 3 - Calgary 1
TOP OF THE 8TH
Las Vegas Stars batting - Pitching for Calgary Cowboys : RHP Mitsunari Jouda
Batting: RHB Matthieu Vancini 0-0: Ball
1-0: Ball
2-0: Called Strike
2-1: SINGLE (Line Drive, 8RS)
Batting: SHB Sloan James 0-0: Swinging Strike
0-1: Called Strike
0-2: Foul Ball, location: 2F
0-2: Ball
1-2: Ball
2-2: Strikes out swinging
Batting: RHB José Zúñiga 0-0: Called Strike
0-1: Swinging Strike
0-2: Ball
1-2: SINGLE (Groundball, 4D)
Matthieu Vancini to second
Runner from 2nd tries for 3rd, SAFE, throw made to third
Batting: LHB Evan Slootweg 0-0: Swinging Strike
0-1: Swinging Strike
0-2: Foul Ball, location: 2F
0-2: Foul Ball, location: 2F
0-2: Strikes out swinging
Batting: RHB Orlando García 0-0: Ball
1-0: Ball
2-0: Called Strike
2-1: Foul Ball, location: 2F
2-2: Foul Ball, location: 2F
2-2: Ball
3-2: Strikes out swinging
Top of the 8th over - 0 run(s), 2 hit(s), 0 error(s), 2 left on base; Las Vegas 3 - Calgary 1
BOTTOM OF THE 8TH
Calgary Cowboys batting - Pitching for Las Vegas Stars : LHP Ze-min Tong
Pitching: RHP Wayne Barksdale
Batting: LHB Freddy Herrera 0-0: Called Strike
0-1: SINGLE (Groundball, 34D)
Pitching: LHP Stanley Inman
Batting: RHB Tom Yarbrough 0-0: Foul Ball, location: 2F
0-1: Ball
1-1: SINGLE (Groundball, 6MD)
Freddy Herrera to second
Batting: RHB Clark Hodge 0-0: Called Strike
0-1: Ball
1-1: Bunted foul
1-2: Ball
2-2: Ball
3-2: SINGLE (Line Drive, 7S)
Freddy Herrera to third
Tom Yarbrough to second
Batting: RHB Mike Wilcox 0-0: Ball
1-0: Fly out, F9 (Flyball, 9LM)
Runner from 3rd tags up, SCORES, throw made
Batting: RHB Dan Wyatt 0-0: Ball
1-0: Swinging Strike
1-1: Foul Ball, location: 2F
1-2: Strikes out swinging
Batting: RHB Cristián Peña 0-0: Ball
1-0: Ground out 5-3 (Groundball, 5)
Bottom of the 8th over - 1 run(s), 3 hit(s), 0 error(s), 2 left on base; Las Vegas 3 - Calgary 2
TOP OF THE 9TH
Las Vegas Stars batting - Pitching for Calgary Cowboys : RHP Mitsunari Jouda
Pitching: RHP Tatsuzo Harada
Batting: RHB Xin Zhang 0-0: Ball
1-0: Called Strike
1-1: Called Strike
1-2: Ball
2-2: Ball
3-2: DOUBLE (Line Drive, 9LS)
Batting: LHB Eliot Helen 0-0: Called Strike
0-1: Called Strike
0-2: Foul Ball, location: 2F
0-2: Ball
1-2: Strikes out swinging
Batting: RHB Mike Mills 0-0: Ball
1-0: Called Strike
1-1: Called Strike
1-2: SINGLE (Line Drive, 34D)
Xin Zhang to third
Batting: LHB Fernando De La Cruz 0-0: Ball
1-0: Ball
2-0: Ball
3-0: Called Strike
3-1: Base on Balls
Mike Mills to second
Batting: RHB Matthieu Vancini 0-0: Fly out, F8 (Popup, 8LS)
Batting: SHB Sloan James 0-0: Called Strike
0-1: Ball
1-1: SINGLE (Line Drive, 8RS)
Xin Zhang scores
Mike Mills to third
Fernando De La Cruz to second
Runner from 3rd tries for Home, SAFE, no throw or cutoff
Batting: RHB José Zúñiga 0-0: Swinging Strike
0-1: Ball
1-1: Swinging Strike
1-2: Strikes out swinging
Top of the 9th over - 2 run(s), 3 hit(s), 0 error(s), 2 left on base; Las Vegas 5 - Calgary 2
BOTTOM OF THE 9TH
Calgary Cowboys batting - Pitching for Las Vegas Stars : LHP Stanley Inman
Pitching: RHP Mike Drader
Batting: RHB Ramón Martínez 0-0: Called Strike
0-1: Ball
1-1: Foul Ball, location: 2F
1-2: Ball
2-2: Ball
3-2: Ground out 5-3 (Groundball, 56)
Batting: RHB Mario Sánchez 0-0: Called Strike
0-1: Ball
1-1: SINGLE (Groundball, 4S) (infield hit)
Batting: RHB Jesús Hernández 0-0: Ball
1-0: Ball
2-0: Ball
3-0: Base on Balls
Mario Sánchez to second
Batting: LHB Freddy Herrera 0-0: Ball
1-0: Foul Ball, location: 2F
1-1: Fly out, F7 (Flyball, 78S)
Pinch Hitting: RHB Shayne Burry 0-0: Called Strike
0-1: Fly out, F7 (Flyball, 7LM)
Bottom of the 9th over - 0 run(s), 1 hit(s), 0 error(s), 2 left on base; Las Vegas 5 - Calgary 2
This league is powered by Out of the Park Baseball, the baseball management simulation game for PC, Mac and Linux
Saturday, April 9th, 2016 - OOTP Baseball 16.8 Build 38